Map: Ley Lines

Players

LigerMaNN

  • Race: Zerg Zerg
  • League: Diamond
  • Spawn Location: 1:00

Zyzz - Winner!

  • Race: Terran Terran
  • League: Diamond
  • Spawn Location: 7:00

VOD

Have the link to the VOD?

Description

Time

  • Played on: June 4, 2025, 9:38 p.m.
  • Length: 8:15
Show
View Real Time Build Order
Export as new Build Order

LigerMaNN Zerg 

Build Orders: Hatch First 

Get SALT Encoding   

  12  0:00  Drone  
  13  0:14  Overlord  
  13  0:16  Drone  
  14  0:32  Drone  
  14  0:33  Drone  
  16  0:37  Drone  
  17  0:53  Hatchery  
  16  1:01  Drone x2  
  16  1:04  Extractor  
  17  1:17  Spawning Pool  
  16  1:20  Drone  
  16  1:24  Drone  
  18  1:29  Drone  
  19  1:40  Overlord  
  19  2:07  Zergling x6  
  22  2:08  Queen x2  
  26  2:15  Drone  
  26  2:16  Drone  
  26  2:20  Metabolic Boost  
  28  2:25  Drone  
  29  2:30  Drone  
  30  2:45  Extractor  
  29  2:55  Drone x5  
  35  3:04  Drone  
  36  3:11  Zergling x2  
  36  3:22  Overlord x2  
  36  3:23  Overlord  
  36  3:33  Overlord x2  
  36  3:34  Overlord  
  36  3:40  Queen  
  38  3:53  Hatchery  
  37  4:00  Drone x8  
  37  4:02  Drone  
  46  4:08  Baneling Nest  
  45  4:14  Evolution Chamber  
  45  4:17  Drone, Evolution Chamber  
  44  4:31  Drone x6  
  50  4:42  Zerg Melee Weapons Level 1, Zerg Ground Armor Level 1  
  50  4:45  Lair  
  50  4:49  Extractor  
  50  4:52  Drone x3  
  52  4:53  Extractor  
  52  4:55  Spore Crawler  
  52  4:58  Spore Crawler  
  49  5:01  Drone  
  49  5:02  Drone x2  
  52  5:12  Drone x6  
  58  5:25  Drone x3  
  58  5:27  Extractor  
  59  5:34  Drone x3  
  59  5:35  Overlord x2  
  62  5:38  Queen  
  64  5:56  Spire  
  63  5:57  Centrifugal Hooks  
  63  5:58  Drone  
  63  5:59  Drone x9  
  63  6:02  Extractor  
  63  6:03  Extractor  
  71  6:07  Baneling x7  
  71  6:17  Drone x5  
  76  6:20  Zergling x12  
  80  6:30  Zergling x6  
  82  6:35  Queen  
  82  6:36  Queen  
  86  6:44  Zergling x4  
  88  7:02  Drone  
  89  7:09  Mutalisk x4  
  89  7:13  Hatchery  
  89  7:15  Zergling x2  
  97  7:16  Overlord x4  
  97  7:17  Overlord  
  97  7:29  Zergling x2, Hatchery  
  97  7:31  Overlord  
  97  7:36  Mutalisk  
  99  7:47  Baneling x12  
  99  7:48  Zergling x12  
  99  7:49  Zergling x6  
Show
View Real Time Build Order
Export as new Build Order

Zyzz Terran - Winner!

Build Orders:  

Get SALT Encoding   

  12  0:00  SCV  
  13  0:20  Supply Depot  
  13  0:21  SCV  
  13  0:27  Refinery  
  14  0:38  SCV  
  14  0:42  Barracks  
  15  1:00  Barracks  
  15  1:03  SCV  
  16  1:15  SCV  
  16  1:16  Refinery  
  17  1:27  SCV  
  18  1:35  Supply Depot, Reaper  
  19  1:42  Orbital Command  
  19  1:59  Supply Depot  
  19  2:04  Supply Depot, Reaper  
  20  2:13  Reaper  
  20  2:15  SCV  
  22  2:32  Command Center  
  22  2:33  SCV  
  23  2:37  Marine  
  24  2:48  Marine  
  25  2:55  Marine  
  25  2:57  SCV  
  27  3:06  Marine  
  27  3:09  SCV  
  27  3:12  Supply Depot, Factory  
  29  3:13  Marine  
  30  3:21  SCV  
  30  3:24  Marine  
  32  3:33  SCV  
  34  3:45  Barracks Reactor  
  34  3:52  Barracks Tech Lab  
  33  3:56  Orbital Command, Barracks Reactor  
  33  4:00  Bunker, Barracks Tech Lab  
  33  4:01  SCV  
  34  4:08  Factory Tech Lab  
  34  4:09  Barracks  
  34  4:12  Starport  
  34  4:13  SCV  
  35  4:24  Marine  
  35  4:25  SCV  
  36  4:34  Marine x2  
  36  4:35  Stimpack  
  36  4:37  SCV  
  36  4:38  SCV  
  39  4:42  Marine  
  40  4:49  SCV, Medivac  
  40  4:52  Marine x2  
  45  4:59  Supply Depot, Marine  
  45  5:02  Refinery  
  45  5:05  Refinery  
  46  5:09  SCV x2  
  46  5:10  Marine x2  
  50  5:16  Siege Tank  
  53  5:21  SCV x2  
  53  5:27  Marine  
  53  5:28  Marine  
  57  5:34  Marine x2  
  59  5:42  SCV  
  60  5:45  Marine x2  
  65  5:50  Siege Tank  
  65  5:51  Starport Reactor  
  65  5:52  Marine  
  65  5:53  Barracks Reactor  
  65  5:55  SCV x2  
  68  6:03  Supply Depot, Marine x2  
  70  6:05  Engineering Bay  
  70  6:12  Supply Depot  
  70  6:24  Marine x3  
  70  6:25  Siege Tank  
  76  6:30  Marine  
  76  6:31  Marine  
  71  6:34  Medivac  
  71  6:36  Supply Depot  
  71  6:39  SCV x2  
  75  6:42  Marine x3  
  78  6:48  Marine  
  78  6:49  Combat Shield  
  78  6:50  Marine  
  78  6:51  SCV  
  78  6:52  SCV  
  82  6:57  Siege Tank  
  82  7:00  Marine x3  
  88  7:06  Marine  
  88  7:08  Marine  
  89  7:13  SCV  
  89  7:15  Medivac x2  
  95  7:18  Marine x3  
  98  7:24  Marine  
  98  7:26  Marine  
  98  7:29  Siege Tank  
  103  7:35  Marine x2  
  103  7:36  Marine  
  106  7:42  Marine  
  106  7:44  Marine  
  108  7:53  Marine x2  
  110  7:59  SCV  
Tags
 
Matchup
TvZ
Replay Pack
June 2025
Spawn Locations
Cross Positions
Add a new tag
Caveats
  • Supply blocks, unpowered buildings, or Contaminate may cause inaccurate times.
  • Supply counts are checked every 10 seconds.